 Dungeon Crawl Stone Soup version 0.30-a0-840-ga523dec638 (webtiles) character file.

Game seed: 2529800212905491339

28 gabagool the Shield-Bearer (level 3, 0/30 HPs)
             Began as a Formicid Fighter on Mar 1, 2023.
             Succumbed to a kobold's poison
             ... on level 1 of the Dungeon.
             The game lasted 00:01:33 (590 turns).

gabagool the Shield-Bearer (Formicid Fighter)        Turns: 590, Time: 00:01:34

Health: 0/30       AC:  7    Str: 22    XL:     3   Next: 30%
Magic:  3/3        EV:  9    Int:  7    God:
Gold:   55         SH:  5    Dex: 13    Spells: 2/2 levels left

rFire   . . .      SeeInvis +    a - +0 quarterstaff
rCold   . . .      Faith    .    c - +0 buckler
rNeg    . . .      Spirit   .    b - +0 scale mail
rPois   .          Reflect  .    (helmet unavailable)
rElec   .          Harm     .    (no cloak)
rCorr   .          Rampage  .    (no gloves)
Will    .....                    (no boots) Stlth
                                 (no amulet)
HPRegen 0.25/turn                k - ring of flight
MPRegen 0.08/turn                (no ring)

@: lethally poisoned (0 -> -5), flying
A: permanent stasis, dig shafts and tunnels, antennae 3, four strong arms
a: Dig, Shaft Self


You were on level 1 of the Dungeon.
You visited 1 branch of the dungeon, and saw 2 of its levels.

You collected 55 gold pieces.

Inventory:

Hand Weapons
 a - a +0 quarterstaff (weapon)
Missiles
 f - 3 atropa-tipped darts
Armour
 b - a +0 scale mail (worn)
 c - a +0 buckler (worn)
Jewellery
 k - a ring of flight (left hand)
Scrolls
 e - 3 scrolls of identify {unknown}
 g - a scroll of magic mapping {unknown}
 i - a scroll of fear {unknown}
 j - a scroll of amnesia {unknown}
Potions
 d - a potion of might
 h - a potion of attraction {unknown}


   Skills:
 + Level 3.8 Fighting
 - Level 2.0 Staves
 + Level 3.7 Armour
 + Level 4.6 Shields


You had 2 spell levels left.
You didn't know any spells.
Your spell library was empty.

Dungeon Overview and Level Annotations

Branches:
Dungeon (2/15)

Altars:


Innate Abilities, Weirdness & Mutations

You cannot be hasted, slowed, berserked, paralysed or teleported.
You can dig through walls and to a lower floor.
You have a pair of large antennae on your head. (SInv)
Your four strong arms can wield two-handed weapons with a shield.


Message History

You kill the kobold!
You feel very sick.
You hit the frilled lizard.
You kill the frilled lizard!
You feel very sick. The dart slug launches a dart at you.
The slug dart hits you.
You are too injured to fight recklessly!
You are too injured to fight recklessly!
You are too injured to fight recklessly!
You are too injured to fight recklessly!
You are too injured to fight recklessly!
You are too injured to fight recklessly!
You are too injured to fight recklessly!
You are too injured to fight recklessly!
You are too injured to fight recklessly!
You are too injured to fight recklessly!
You are too injured to fight recklessly!
You are too injured to fight recklessly!
You are too injured to fight recklessly!
You are too injured to fight recklessly!
You are too injured to fight recklessly!
You are too injured to fight recklessly!
* * * LOW HITPOINT WARNING * * *
You feel very sick.
Things that are here:
a +2 whip of venom; 4 stones; a frilled lizard corpse You hit the dart slug but do no damage.
* * * LOW HITPOINT WARNING * * *
You feel sick. The dart slug launches a dart at you. The slug dart hits you.
* * * LOW HITPOINT WARNING * * *
You hit the dart slug.
The dart slug is heavily wounded.
* * * LOW HITPOINT WARNING * * *
You feel sick. The dart slug closely misses you.
You sock the dart slug!
You kill the dart slug!
You die...

.......# .....P.#
#..........# .......#
#..........# .......#
#..........# .......#
#..........# ......##
#..........# .......
#........# .......
#...†..#
.......#########@#
...............#.######
......................#
......#...............#
.....##...............#
##..###...............#
.##..##...............#
..##...........)......#
...(.#.....†.......####


There were no monsters in sight!

Vanquished Creatures
  A worm (D:2)
  2 dart slugs (D:1)
  2 endoplasms (D:1)
  4 giant cockroaches (D:1)
  2 goblins
  2 hobgoblins (D:1)
  2 kobolds (D:1)
  A quokka (D:1)
  A bat (D:1)
  3 frilled lizards (D:1)
  3 rats
23 creatures vanquished.

Vanquished Creatures (others)
  2 plants (D:2)
2 creatures vanquished.

Grand Total: 25 creatures vanquished

Notes
Turn   | Place    | Note
-------+----------+-------------------------------------------
     0 | D:1      | gabagool the Formicid Fighter began the quest for the Orb.
     0 | D:1      | Reached XP level 1. HP: 18/18 MP: 1/1
    70 | D:1      | Reached XP level 2. HP: 24/24 MP: 2/2
   277 | D:1      | You fall into a shaft and drop 1 floor!
   410 | D:1      | Reached XP level 3. HP: 30/30 MP: 3/3
   590 | D:1      | Succumbed to a kobold's poison

Illustrated notes

Levels and vault maps discovered:
D:1:      saegor_arrival_miasma, layout_rooms, serial_forest,
          infiniplex_forest_clump_double, infiniplex_forest_end_double,
          infiniplex_forest_clump_C, infiniplex_forest_clump_tiny,
          infiniplex_forest_end_3, infiniplex_forest_clump_tiny,
          infiniplex_forest_lined_2, hangedman_decor_opposing
D:2:      layout_loops_ring, serial_forest, infiniplex_forest_lined_3_way,
          infiniplex_forest_clump_long, infiniplex_forest_clump_diagonal,
          infiniplex_forest_diagonal, infiniplex_forest_pool,
          infiniplex_forest_straight_3, chequers_garden

Action                     || total
---------------------------++-------
  Melee: Quarterstaff      ||    76
 Armour: Scale mail        ||    17
  Dodge: Dodged            ||    39
  Block: Buckler           ||    20

Table legend: (Time is in decaauts)
 A = Elapsed time spent in this place.
 B = Non-inter-level travel time spent in this place.
 C = Inter-level travel time spent in this place.
 D = Time resting spent in this place.
 E = Time spent auto-exploring this place.
 F = Levels seen in this place.
 G = Mean time per level.
                   A        B        C        D        E       F      G
               +--------+--------+--------+--------+--------+-----+--------+
         Total |    606 |    606 |      0 |      0 |    420 |   2 |  303.0 |
       Dungeon |    606 |    606 |      0 |      0 |    420 |   2 |  303.0 |
               +--------+--------+--------+--------+--------+-----+--------+

Top non-repeatable levels by time:
     D:1: 546 daAuts
     D:2: 60 daAuts
